 Dungeon Crawl Stone Soup version 0.29.1-2-gbd0b4ee654 (webtiles) character file.

Game seed: 13721385330368609103

586 funnyparkerb the Trooper (level 7, 0/39 HPs)
             Began as a Vine Stalker Brigand on Nov 9, 2022.
             Killed from afar by Ijyb (15 damage)
             ... with a bolt of acid
             ... on level 4 of the Dungeon.
             The game lasted 00:04:33 (2829 turns).

funnyparkerb the Trooper (Vine Stalker Brigand)     Turns: 2829, Time: 00:04:34

Health: 0/39       AC:  3    Str: 14    XL:     7   Next: 37%
Magic:  0/8        EV: 10    Int: 11    God:
Gold:   200        SH:  4    Dex: 17    Spells: 6/6 levels left

rFire   . . .      SeeInvis .   a - +2 dagger
rCold   + . .      Faith    .   o - +0 buckler
rNeg    . . .      Spirit   +   b - +0 robe
rPois   .          Reflect  .   (no helmet)
rElec   .          Harm     .   c - +0 cloak
rCorr   .          Rampage  .   (no gloves)
Will    .....                   (no boots)
Stlth   +++.......              (no amulet)
HPRegen 0.93/turn               y - ring of protection from cold
MPRegen 0.11/turn               x - ring of flight

@: flying, constricted
A: fangs 2, regeneration 1, magic shield, antimagic bite, no potion heal 2
a: no special abilities


You were on level 4 of the Dungeon.
You visited 1 branch of the dungeon, and saw 4 of its levels.

You collected 200 gold pieces.

Inventory:

Hand Weapons
 a - a +2 dagger (weapon)
 q - a +0 rapier
Missiles
 d - 9 poisoned darts (quivered)
 e - 9 curare-tipped darts
Armour
 b - a +0 robe (worn)
 c - a +0 cloak (worn)
 n - a +0 kite shield
 o - a +0 buckler (worn)
 t - a +0 ring mail
Jewellery
 x - a ring of flight (right hand)
 y - a ring of protection from cold (left hand)
Wands
 p - a wand of paralysis (9)
 w - a wand of roots (7)
Scrolls
 f - 3 scrolls of teleportation {unknown}
 i - a scroll of noise {unknown}
 r - a scroll of summoning {unknown}
 s - 2 scrolls of identify {unknown}
 u - a scroll of enchant weapon {unknown}
 v - a scroll of poison {unknown}
Potions
 g - a potion of ambrosia {unknown}
 h - a potion of mutation {unknown}
 j - 2 potions of heal wounds {unknown}
 k - 3 potions of curing {unknown}
 l - 2 potions of attraction {unknown}
 m - a potion of degeneration {unknown}


   Skills:
 - Level 5.0 Fighting
 * Level 1.7 Short Blades
 - Level 1.7 Throwing
 + Level 4.5 Dodging
 - Level 4.8 Stealth
 - Level 1.0 Unarmed Combat


You had 6 spell levels left.
You didn't know any spells.
Your spell library contained the following spells:

 Spells                   Type           Power      Damage    Failure   Level
 Slow                     Hex            0%         N/A       43%         1
 Confusing Touch          Hex            0%         N/A       82%         3
 Vampiric Draining        Necr           0%         2d6       82%         3


Dungeon Overview and Level Annotations

Branches:
Dungeon (4/15)
 Temple: D:4-7

Altars:
Gozag
Trog

Annotations:
D:4 Ijyb


Innate Abilities, Weirdness & Mutations

You have extremely sharp teeth.
Your natural rate of healing is unusually fast.
When hurt, damage is shared between your health and your magic reserves.
Your bite disrupts and absorbs the magic of your enemies.
Potions cannot restore your health.


Message History

There is a stone staircase leading up here.
You fly upwards.
There is a stone staircase leading down here.
There is an open door here.
There is an open door here.
There is a stone staircase leading down here.
Done exploring.
You fly downwards.
Found a pink potion and a scroll labelled CIMIEW BOCEIT.
There is a stone staircase leading up here.
The helpless Ijyb fails to defend herself.
You impale Ijyb!! Your bite misses Ijyb.
Ijyb is severely wounded.
You block Ijyb's attack.
The kobold shouts!
You hit Ijyb but do no damage.
Ijyb is severely wounded.
The ball python hisses angrily.
You hear a bark!
You hear a shout!
The kobold completely misses you. Ijyb hits you with a +0 spectral club.
You closely miss Ijyb. You bite Ijyb. You drain her power.
Ijyb is almost dead.
The ball python barely misses you. The ball python grabs you.
The ball python constricts you. The kobold hits you with a +0 club.
Ijyb hits you with a +0 spectral club.
You closely miss Ijyb.
Ijyb is almost dead.
A hound comes into view.
The ball python barely misses you. The ball python constricts you.
The kobold hits you but does no damage. Ijyb hits you with a +0 spectral club.
The ball python bites you. The ball python constricts you.
You miss Ijyb.
Ijyb is almost dead.
You block the kobold's attack.
Ijyb zaps a wand.
The bolt of acid hits you!!
The ball python bites you but does no damage.
The ball python constricts you.
The ball python's grasp on you weakens, but your attempt to escape fails.
The ball python bites you but does no damage.
The ball python constricts you. The kobold hits you with a +0 club.
Ijyb zaps a wand.
The bolt of acid hits you!
You die...

###### #....#
. #.!..# ...
#....###.....
#..S@h.......
#..g.K....###
#.........'.#
###.......#.#
#.......# #
#.?.....#
#.......#
#########


You could see Ijyb, a hound, a ball python and a kobold.

Vanquished Creatures
  Grinder (D:3)
  Sigmund (D:3)
  A scorpion (D:3)
  Natasha (thrice) (D:3)
  2 adders (D:3)
  2 river rats (D:3)
  3 dart slugs
  An orc (D:4)
  8 bats
  5 endoplasms
  A giant cockroach (D:3)
  2 goblins
  3 hobgoblins
  3 jackals (D:1)
  4 kobolds
  3 quokkas
  3 ball pythons
  A frilled lizard (D:3)
  4 rats
51 creatures vanquished.

Notes
Turn   | Place    | Note
-------+----------+-------------------------------------------
     0 | D:1      | funnyparkerb the Vine Stalker Brigand began the quest for
                  | the Orb.
     0 | D:1      | Reached XP level 1. HP: 11/11 MP: 2/2
    94 | D:1      | Reached skill level 1 in Dodging
   106 | D:1      | Reached skill level 2 in Fighting
   145 | D:1      | Reached XP level 2. HP: 15/15 MP: 3/3
   598 | D:1      | Reached XP level 3. HP: 19/19 MP: 4/4
  1661 | D:2      | Found a faded altar of an unknown god.
  1672 | D:3      | Noticed a scorpion
  1675 | D:3      | Killed a scorpion
  1676 | D:3      | Reached skill level 3 in Fighting
  1676 | D:3      | Gained mutation: Your natural rate of healing is unusually
                  | fast. [Vine Stalker growth]
  1676 | D:3      | Reached XP level 4. HP: 24/24 MP: 5/5
  1709 | D:3      | Noticed Natasha
  1717 | D:3      | Killed Natasha
  1718 | D:3      | Reached XP level 5. HP: 27/28 MP: 3/6
  1933 | D:3      | Noticed Natasha
  1939 | D:3      | Killed Natasha
  1955 | D:3      | Noticed Sigmund
  1963 | D:3      | Killed Sigmund
  1964 | D:3      | Reached skill level 4 in Fighting
  1964 | D:3      | Reached XP level 6. HP: 34/34 MP: 7/7
  2092 | D:3      | Noticed Grinder
  2107 | D:3      | Killed Grinder
  2108 | D:3      | Reached skill level 5 in Fighting
  2108 | D:3      | Reached XP level 7. HP: 22/39 MP: 5/8
  2206 | D:3      | Found an opulent altar of Gozag.
  2206 | D:3      | Found a bloodstained altar of Trog.
  2553 | D:3      | Noticed Natasha
  2564 | D:3      | Killed Natasha
  2565 | D:3      | Reached skill level 1 in Unarmed Combat
  2822 | D:4      | Noticed Ijyb
  2829 | D:4      | Killed from afar by Ijyb

Illustrated notes

Levels and vault maps discovered:
D:1:      co_arrival_hall_of_pillars, layout_basic, hangedman_decor_growths,
          minmay_box_of_dots
D:2:      layout_basic, serial_forest, infiniplex_forest_straight_2,
          infiniplex_forest_join, infiniplex_forest_zigzag_1,
          infiniplex_forest_lined_room_2, infiniplex_forest_straight_4,
          hellmonk_ecumenical_altar_leap_of_faith
D:3:      layout_basic, gammafunk_temple_overflow_elements,
          lightli_sewer_entry_pipes, uniq_grinder, uniq_natasha, uniq_sigmund
D:4:      layout_basic, kennysheep_vampire_church, uniq_ijyb, uniq_duvessa

Skill      XL: |  1  2  3  4  5  6  7 |
---------------+----------------------+-----
Dodging        | 1 2 3 4 |  4.5
Fighting       | 2 3 4 5 |  5.0
Unarmed Combat | 1 |  1.0
Short Blades   | |  1.7
Throwing       | |  1.7
Stealth        | |  4.8

Action                   |  1- 3 |  4- 6 |  7- 9 || total
-------------------------+-------+-------+-------++-------
Melee: Dagger            |    51 |    38 |    61 ||   150
       Bite              |    10 |    10 |    15 ||    35
Evoke: Wand              |       |     4 |       ||     4
 Stab: Sleeping          |    11 |     6 |     4 ||    21
       Paralysed         |       |     1 |       ||     1
Armor: Robe              |    19 |     6 |     7 ||    32
Dodge: Dodged            |    22 |    12 |    29 ||    63
Block: Buckler           |       |     9 |     9 ||    18
